 Dungeon Crawl Stone Soup version 0.28-a0-819-g6ef7baa362 (webtiles) character file.

Game seed: 1355502159320668967

77 iamoutofideas the Firebug (level 4, 31/31 HPs)
             Began as a Demonspawn Fire Elementalist on Nov 9, 2021.
             Quit the game on level 2 of the Dungeon.
             The game lasted 00:02:52 (2503 turns).

iamoutofideas the Firebug (DsFE)                    Turns: 2503, Time: 00:02:52

Health: 31/31      AC:  3    Str:  8    XL:     4   Next: 14%
Magic:  8/8        EV: 12    Int: 17    God:
Gold:   63         SH:  4    Dex: 16    Spells: 2/8 levels left

rFire   . . .      SeeInvis .   (no weapon)
rCold   . . .      Faith    .   (no shield)
rNeg    . . .      Spirit   .   a - +0 robe
rPois   .          Reflect  .   (helmet restricted)
rElec   .          Harm     .   b - +0 cloak
rCorr   .          Rampage  .   (no gloves)
Will    .....                   (no boots)
Stlth   +++.......              (no amulet)
HPRegen 0.10/turn               (no ring)
MPRegen 0.11/turn               (no ring)

@: no status effects
A: antennae 1, thin skeletal structure 1, condensation shield
a: no special abilities


You were on level 2 of the Dungeon.
You visited 1 branch of the dungeon, and saw 2 of its levels.

You collected 63 gold pieces.

Inventory:

Armour
 a - a +0 robe (worn)
 b - a +0 cloak (worn)
Scrolls
 c - a scroll of immolation {unknown}
 d - a scroll of amnesia
 f - a scroll of noise {unknown}
 h - a scroll of vulnerability {unknown}
Potions
 e - 2 potions of lignification {unknown}
 g - a potion of curing


   Skills:
 + Level 0.4 Fighting
 + Level 2.1 Dodging
 - Level 1.9 Stealth
 + Level 0.1 Shields
 + Level 2.6 Spellcasting
 + Level 2.0 Conjurations
 + Level 3.3 Fire Magic


You had 2 spell levels left.
You knew the following spells:

 Your Spells              Type           Power      Damage    Failure   Level
a - Foxfire               Conj/Fire      44%        2x1d6     6%          1
b - Scorch                Fire           26%        2d6       7%          2
c - Conjure Flame         Conj/Fire      11%        6-21      19%         3

Your spell library contained the following spells:

 Spells                   Type           Power      Damage    Failure   Level
 Sandblast                Erth           4%         2d4       19%         1
 Passwall                 Tmut/Erth      1%         N/A       26%         2
 Inner Flame              Hex/Fire       8%         N/A       26%         3
 Stone Arrow              Conj/Erth      10%        3d7       34%         3
 Flame Wave               Conj/Fire      11%        3d4       52%         4


Dungeon Overview and Level Annotations

Branches:
Dungeon (2/15)

Altars:
Dithmenos


Innate Abilities, Weirdness & Mutations

You have a pair of small antennae on your head.
You have a somewhat thin skeletal structure. (Dex +2, Stealth+)
A meltable shield of frost defends you. (SH +4)


Message History

Your foxfire dissipates!
Your magical contamination has completely faded away.
You now have 63 gold pieces (gained 15).
An adder comes into view.
The adder hisses angrily.
An adder is nearby!
An adder is nearby!
An adder is nearby!
Casting: Foxfire (safe; 6% risk of failure)
Confirm with . or Enter, or press ? or * to list all spells.
You conjure some foxfire!
Unknown command.
Casting: Foxfire (safe; 6% risk of failure)
Confirm with . or Enter, or press ? or * to list all spells.
You miscast Foxfire.
You are very lightly contaminated with residual magic.
Nothing appears to happen.
The foxfire hits the adder.
The adder is moderately wounded.
Unknown command.
Casting: Foxfire (safe; 6% risk of failure)
Confirm with . or Enter, or press ? or * to list all spells.
Flames lash the adder.
The adder is heavily wounded.
The adder's fire resistance burns away.
The adder closely misses you.
Unknown command.
Unknown command.
Casting: Scorch (safe; 7% risk of failure)
Confirm with . or Enter, or press ? or * to list all spells.
Flames lash the adder.
The adder is burned terribly!
You kill the adder!
Unknown command.
Unknown command.
Your foxfire dissipates!
Your magical contamination has completely faded away.
You see here an adder corpse.
A ball python comes into view.
A ball python is nearby!
A ball python is nearby!
A ball python is nearby!
Are you sure you want to abandon this character and quit the game? (Confirm with "yes".)

#.##.##.# ##########
#.# .# #.##.##.#
#.†......# #.. ..
........###.######.#
### .# ............#
#.# .# ..##.########
#.# #. #.# #.# # #.#
#.# ... #####.# ###
#..@..# #.##### S.
##


You could see a ball python (asleep).

Vanquished Creatures
  3 gnolls
  An adder (D:2)
  A worm (D:2)
  A dart slug (D:1)
  2 endoplasms (D:1)
  2 giant cockroaches (D:1)
  A goblin (D:1)
  5 hobgoblins
  6 jackals
  5 ball pythons
  A bat (D:1)
  A frilled lizard (D:1)
  4 kobolds
  3 rats
36 creatures vanquished.

Vanquished Creatures (others)
  145 foxfires
145 creatures vanquished.

Grand Total: 181 creatures vanquished

Notes
Turn   | Place    | Note
-------+----------+-------------------------------------------
     0 | D:1      | iamoutofideas the Demonspawn Fire Elementalist began the
                  | quest for the Orb.
     0 | D:1      | Reached XP level 1. HP: 13/13 MP: 3/3
   170 | D:1      | Reached skill level 3 in Fire Magic
   170 | D:1      | Gained mutation: A meltable shield of frost defends you.
                  | (SH +4) [demonic ancestry]
   170 | D:1      | Reached XP level 2. HP: 17/19 MP: 0/5
   331 | D:1      | Learned a level 2 spell: Scorch
  1228 | D:2      | Found a shadowy altar of Dithmenos.
  1231 | D:2      | Gained mutation: You have a pair of small antennae on your
                  | head. [demonic ancestry]
  1231 | D:2      | Reached XP level 3. HP: 24/24 MP: 3/6
  2197 | D:1      | Learned a level 3 spell: Conjure Flame
  2352 | D:2      | Gained mutation: You have a somewhat thin skeletal
                  | structure. (Dex +2, Stealth+) [demonic ancestry]
  2352 | D:2      | Reached XP level 4. HP: 31/31 MP: 3/7
  2503 | D:2      | Quit the game

Illustrated notes

Levels and vault maps discovered:
D:1:      tarquinn_simple_flora_water_d, layout_basic, minivault_26,
          minmay_pentomino_s4
D:2:      layout_loops_ring, basic_altar

Skill      XL: |  1  2  3 |
---------------+----------+-----
Fire Magic     | 3 |  3.3
Dodging        | 2 |  2.1
Conjurations   | 2 |  2.0
Fighting       | |  0.4
Stealth        | |  1.9
Shields        | |  0.1
Spellcasting   | |  2.6

Action                   |  1- 3 |  4- 6 || total
-------------------------+-------+-------++-------
Melee: Unarmed           |    38 |       ||    38
 Cast: Foxfire           |   100 |     2 ||   102
       Scorch            |     3 |     2 ||     5
  Use: Potion            |     4 |       ||     4
       Scroll            |     1 |       ||     1
Armor: Robe              |    14 |       ||    14
Dodge: Dodged            |    52 |     1 ||    53
Block: Other             |    14 |       ||    14

Table legend: (Time is in decaauts)
 A = Elapsed time spent in this place.
 B = Non-inter-level travel time spent in this place.
 C = Inter-level travel time spent in this place.
 D = Time resting spent in this place.
 E = Time spent auto-exploring this place.
 F = Levels seen in this place.
 G = Mean time per level.
                   A        B        C        D        E       F      G
               +--------+--------+--------+--------+--------+-----+--------+
         Total |   2512 |   2489 |     23 |    771 |   1328 |   2 | 1256.0 |
       Dungeon |   2512 |   2489 |     23 |    771 |   1328 |   2 | 1256.0 |
               +--------+--------+--------+--------+--------+-----+--------+

Top non-repeatable levels by time:
     D:1: 1818 daAuts
     D:2: 693 daAuts
